 Dungeon Crawl Stone Soup version 0.30-a0-585-g93115170b9 (webtiles) character file.

Game seed: 9821027094801447190

604 sokol815 the Sneak (level 7, -1/46 HPs)
             Began as an Octopode Delver on Jan 3, 2023.
             Was an Initiate of Gozag.
             Slain by a killer bee (5 damage)
             ... on level 5 of the Dungeon.
             The game lasted 00:08:49 (4855 turns).

sokol815 the Sneak (Octopode Delver)                Turns: 4855, Time: 00:08:49

Health: -1/46      AC:  3    Str: 12    XL:     7   Next: 42%
Magic:  7/7        EV: 13    Int: 18    God:    Gozag
Gold:   305        SH:  0    Dex: 15    Spells: 3/6 levels left

rFire   . . .      SeeInvis .    a - +0 hand axe (heavy)
rCold   . . .      Faith    .    (no shield)
rNeg    . . .      Spirit   .    r - +2 hat {Will+}
rPois   .          Reflect  .    t - amulet of the acrobat
rElec   .          Harm     .    I - +6 ring of intelligence
rCorr   .          Rampage  .    (no ring)
Will    +....                    (no ring)
Stlth   ++++                     (no ring)
HPRegen 0.27/turn                (no ring)
MPRegen 0.10/turn                (no ring)
                                 (no ring)
                                 (no ring)

@: lethally poisoned (-1 -> -2), gold aura
A: almost no armour, amphibious, 8 rings, camouflage 1, gelatinous body 1,
(nimble swimmer 1), tentacles
a: Renounce Religion, Potion Petition, Call Merchant, Bribe Branch


You were on level 5 of the Dungeon.
You worshipped Gozag.
Gozag was aware of your devotion.
You visited 2 branches of the dungeon, and saw 6 of its levels.
You also visited: Sewer.

You collected 412 gold pieces.
You paid 107 gold pieces to Gozag.

Inventory:

Hand Weapons
 a - a +0 heavy hand axe (weapon)
 m - a +2 dagger of freezing
   (You found it on level 3 of the Dungeon)
 n - a +0 heavy flail
   (You took it off an orc priest on level 4 of the Dungeon)
Missiles
 i - 7 poisoned darts
 s - 69 stones
Armour
 r - a +2 hat of willpower (worn)
   (You acquired it on level 2 of the Dungeon)
Jewellery
 t - an amulet of the acrobat (around mantle)
   (You found it on level 4 of the Dungeon)
 I - a +6 ring of intelligence (left tentacle)
   (You found it on level 3 of the Dungeon)
Wands
 c - a wand of quicksilver (11)
   (You found it on level 5 of the Dungeon)
 d - a wand of digging (8)
 g - a wand of roots (15)
   (You found it on level 3 of the Dungeon)
 q - a wand of flame (12)
   (You took it off Natasha on level 4 of the Dungeon)
Scrolls
 b - 2 scrolls of fog
 o - a scroll of poison {!r}
 D - a scroll of blinking {!r}
 E - 4 scrolls of fear
 K - a scroll of immolation {!r}
 X - a scroll of magic mapping {@r4!r}
Potions
 e - a potion of flight {unknown}
 f - a potion of attraction {unknown}
 h - a potion of might {unknown}
 j - a potion of cancellation
 l - 2 potions of brilliance {unknown}
 p - a potion of resistance {unknown}
 H - 4 potions of haste
 J - 2 potions of curing {@q1}
 N - 3 potions of heal wounds {@q2}
 U - 2 potions of mutation {!q}


   Skills:
 - Level 3.0 Fighting
 + Level 4.4 Axes
 - Level 2.0 Dodging
 - Level 6.6 Stealth
 * Level 3.4 Conjurations
 * Level 3.4 Earth Magic
 - Level 4.2 Evocations


You had 3 spell levels left.
You knew the following spells:

 Your Spells              Type           Power      Damage    Failure   Level
x - Stone Arrow           Conj/Erth      24%        3d8       16%         3

Your spell library contained the following spells:

 Spells                   Type           Power      Damage    Failure   Level
 Necrotise                Necr           0%         1d4       22%         1
 Slow                     Hex            0%         N/A       22%         1
 Cigotuvi's Dreadful Rot  Necr/Pois/Air  0%         N/A       32%         2
 Poisonous Vapours        Pois/Air       0%         N/A       32%         2
 Mephitic Cloud           Conj/Pois/Air  4%         N/A       38%         3
 Confusing Touch          Hex            0%         N/A       54%         3
 Vampiric Draining        Necr           0%         2d6       54%         3
 Necromutation            Tmut/Necr      0%         N/A       100%        8


Dungeon Overview and Level Annotations

Branches:
Dungeon (5/15) Zot: 23115  Temple (1/1) D:4 Zot: 5912   Sewer (visited)

Altars:
Ashenzari
Elyvilon
Fedhas
Gozag
Hepliaklqana
Kikubaaqudgha
Makhleb
Nemelex Xobeh
Okawaru
Qazlal
Ru
Uskayaw
Yredelemnul
Zin
The Shining One


Innate Abilities, Weirdness & Mutations

You cannot wear most types of armour.
You are amphibious.
You can wear up to eight rings at the same time.
Your skin changes colour to match your surroundings (Stealth+).
Your rubbery body absorbs attacks. (AC +1, EV +1)
((You are camouflaged when in or above water. (Stealth+)))
You have tentacles for arms and can constrict up to eight enemies at once.


Message History

The iguana barely misses you. The iguana misses you.
You slash the iguana!
You kill the iguana!
No target in view!
You now have 305 gold pieces (gained 8).
H - 4 potions of haste (gained 1)
An adder comes into view.
You see here 5 gold pieces.
A jelly comes into view.
Found a stone staircase leading up.
No reachable target in view!
No reachable target in view!
No reachable target in view!
Unknown command.
The helpless adder fails to defend itself.
You slice the adder!!
You kill the adder!
No reachable target in view!
No reachable target in view!
A phantom comes into view.
Found a helmet.
Found a stone staircase leading down.
The jelly quivers.
The jelly misses you.
You hit the jelly.
Your tentacles burn!
The jelly is distracted by your dazzling golden aura.
You take 2 damage, and have 44/46 hp.
The jelly quivers.
You slash the jelly!
The jelly is no longer distracted by gold.
Your tentacles burn!
The jelly hits you but does no damage.
You take 2 damage, and have 42/46 hp.
You slash the jelly!
You kill the jelly!
The phantom is distracted by your dazzling golden aura.
A killer bee comes into view.
You barely miss the phantom.
The phantom is no longer distracted by gold.
The killer bee buzzes angrily.
You squeeze the phantom! The phantom hits you.
The phantom blinks!
You blink.
A killer bee comes into view. x2
The phantom barely misses you.
You take 1 damage, and have 42/46 hp.
You barely miss the phantom.
The killer bee buzzes angrily.
You squeeze the phantom!
A killer bee comes into view.
The killer bee is distracted by your dazzling golden aura.
The phantom hits you.
The killer bee buzzes angrily.
The killer bee buzzes angrily.
You slash the phantom! Your squeeze misses the phantom. You hit the killer bee.
The killer bee is no longer distracted by gold.
The killer bee stings you.
You are poisoned.
The killer bee poisons you! The killer bee stings you!
The phantom closely misses you. The killer bee barely misses you.
The killer bee closely misses you. The phantom hits you.
The phantom blinks!
You blink.
You take 13 damage, and have 29/46 hp.
MASSIVE DAMAGE!!
You closely miss the phantom. Your squeeze misses the phantom.
You feel very sick.
The phantom hits you but does no damage.
The killer bee is distracted by your dazzling golden aura.
You take 3 damage, and have 26/46 hp.
You barely miss the killer bee.
The killer bee buzzes angrily.
You grab the killer bee. You barely miss the phantom.
You constrict the killer bee.
You feel sick.
You hear an angry hiss.
The killer bee stings you!
The killer bee is distracted by your dazzling golden aura. x2
The phantom closely misses you. x2
You take 8 damage, and have 18/46 hp.
The killer bee buzzes angrily. x2
You hit the killer bee but do no damage.
The killer bee is no longer distracted by gold.
You miss the phantom.
You constrict the killer bee, but do no damage.
You feel sick.
The killer bee is no longer distracted by gold.
The killer bee stings you but does no damage.
The killer bee closely misses you. The killer bee barely misses you.
The phantom is distracted by your dazzling golden aura.
The killer bee completely misses you. The killer bee stings you!
* * * LOW HITPOINT WARNING * * *
You take 8 damage, and have 10/46 hp.
Unknown command.
You barely miss the phantom.
The phantom is no longer distracted by gold.
You hit the killer bee. You slash the killer bee! You hit the killer bee.
You constrict the killer bee.
You feel sick.
The killer bee is no longer distracted by gold.
The killer bee closely misses you. The killer bee barely misses you.
The killer bee closely misses you. The killer bee stings you.
* * * LOW HITPOINT WARNING * * *
The killer bee barely misses you. The killer bee stings you.
You die...
Your body crumbles into a pile of gold.

..##..$...##.......#
..##########.....$.##
..........>.........+
..........[.........#
..##...............##
..# ..l...##.......# .
..##......##.......##...
...............yWy......
..............yy@.......
..##....?..........##...
..# ...............# ..#
......##.........
..##...... #.......##.
.......... #.....!.# ..
.......... ........# .
..##..... .........# ###
.....


You could see a phantom and 4 killer bees.

Vanquished Creatures
  A scorpion (D:4)
  A jelly (D:5)
  An orc priest (D:4)
  2 hounds
  Natasha (thrice) (D:4)
  2 iguanas (D:5)
  3 orc wizards (D:3)
  A hell rat (Sewer)
  3 gnolls (D:4)
  5 adders
  2 river rats (Sewer)
  2 ufetubi
  2 worms
  A dart slug (D:2)
  6 orcs
  5 ball pythons
  5 bats
  5 endoplasms
  6 giant cockroaches
  10 goblins
  8 hobgoblins
  7 kobolds
  9 quokkas
  8 frilled lizards
  7 rats
105 creatures vanquished.

Vanquished Creatures (others)
  A fungus (D:2)
  2 plants (D:2)
3 creatures vanquished.

Grand Total: 108 creatures vanquished

Notes
Turn   | Place    | Note
-------+----------+-------------------------------------------
     0 | D:5      | sokol815 the Octopode Delver began the quest for the Orb.
     0 | D:5      | Reached XP level 1. HP: 16/16 MP: 1/1
    41 | D:5      | Noticed an iguana
    46 | D:5      | Noticed an iguana
   132 | D:4      | Reached skill level 1 in Evocations
   142 | D:4      | Reached XP level 2. HP: 19/21 MP: 2/2
   196 | D:4      | Reached skill level 2 in Evocations
   316 | D:3      | Reached XP level 3. HP: 22/26 MP: 3/3
   321 | D:3      | Found a glowing drain.
   327 | Sewer    | Entered a sewer
   342 | Sewer    | Reached skill level 3 in Evocations
   509 | Sewer    | Reached skill level 4 in Evocations
   509 | Sewer    | Reached XP level 4. HP: 30/31 MP: 4/4
   667 | D:3      | HP: 7/31 [something (3)]
   669 | D:3      | HP: 2/31 [something (2)]
   677 | D:3      | Reached skill level 3 in Axes
   677 | D:3      | Reached XP level 5. HP: 19/36 MP: 5/5
   784 | D:3      | Found a glowing golden altar of the Shining One.
   917 | D:2      | Found a faded altar of an unknown god.
  1209 | D:1      | Got the Discourse on Petrified Diablerie
  1214 | D:1      | Learned a level 3 spell: Stone Arrow
  2171 | D:2      | Identified a scroll of acquirement
  2171 | D:2      | Acquired a +2 hat of willpower
  3524 | D:3      | Reached skill level 1 in Earth Magic
  3551 | D:3      | Found a blossoming altar of Fedhas.
  3555 | D:3      | Reached skill level 1 in Conjurations
  3588 | D:3      | Found a hazy altar of Hepliaklqana.
  3596 | D:3      | Found a sacrificial altar of Ru.
  3607 | D:3      | Found a hide-covered altar of Uskayaw.
  3614 | D:3      | Found a glowing silver altar of Zin.
  3620 | D:3      | Found a stormy altar of Qazlal.
  3631 | D:3      | Found a burning altar of Makhleb.
  3691 | D:3      | HP: 7/36 [something/magic dart (6)]
  3694 | D:3      | Reached XP level 6. HP: 7/42 MP: 6/6
  3915 | D:4      | Found a staircase to the Ecumenical Temple.
  3921 | D:4      | Reached skill level 2 in Conjurations
  3921 | D:4      | Reached skill level 2 in Earth Magic
  3927 | D:4      | Reached skill level 4 in Axes
  3935 | Temple   | Entered the Ecumenical Temple
  4009 | Temple   | Became a worshipper of Gozag Ym Sagoz the Greedy
  4049 | D:4      | Noticed Natasha
  4058 | D:4      | Killed Natasha
  4115 | D:4      | Noticed Natasha
  4122 | D:4      | Killed Natasha
  4123 | D:4      | Reached XP level 7. HP: 44/46 MP: 7/7
  4231 | D:4      | Noticed Natasha
  4252 | D:4      | Killed Natasha
  4615 | D:5      | Reached skill level 3 in Earth Magic
  4696 | D:5      | Reached skill level 3 in Conjurations
  4854 | D:5      | HP: 10/46 [killer bee (7)]
  4855 | D:5      | HP: 4/46 [killer bee (5)]
  4855 | D:5      | Slain by a killer bee

Illustrated notes

Levels and vault maps discovered:
D:1:      elethiomel_arrival_infinity_welcomes_careful_drivers, layout_basic
D:2:      minmay_wonky_spiral, layout_loops_ring,
          shapermc_ecumenical_altar_mp_ritualfount
D:3:      layout_loops_ring, mainiacjoe_overflow_alcove_4,
          grunt_temple_overflow_octagram, gup_sewer_entry_bowl
D:4:      layout_loops_ring, minmay_temple_entry_glass, uniq_natasha
D:5:      layout_gridville
Temple:   dshaligram_water_room_temple

Skill      XL: |  1  2  3  4  5  6  7 |
---------------+----------------------+-----
Evocations     | 1 2 4 |  4.2
Axes           | 3 4 |  4.4
Earth Magic    | 1 2 3 |  3.4
Conjurations   | 1 2 3 |  3.4
Fighting       | |  3.0
Dodging        | |  2.0
Stealth        | |  6.6

Action                   |  1- 3 |  4- 6 |  7- 9 || total
-------------------------+-------+-------+-------++-------
Melee: Hand axe          |    48 |   153 |    27 ||   228
       Constrict         |    10 |    39 |     6 ||    55
       Tentacles         |    12 |    39 |     7 ||    58
       Punch             |     1 |     5 |       ||     6
  Use: Potion            |       |     2 |       ||     2
       Scroll            |       |    11 |     1 ||    12
 Stab: Sleeping          |     9 |    20 |     3 ||    32
Armor: Skin              |     1 |    22 |     6 ||    29
Dodge: Dodged            |    20 |    82 |    23 ||   125

Table legend: (Time is in decaauts)
 A = Elapsed time spent in this place.
 B = Non-inter-level travel time spent in this place.
 C = Inter-level travel time spent in this place.
 D = Time resting spent in this place.
 E = Time spent auto-exploring this place.
 F = Levels seen in this place.
 G = Mean time per level.
                   A        B        C        D        E       F      G
               +--------+--------+--------+--------+--------+-----+--------+
         Total |   4931 |   4624 |    307 |    512 |   3274 |   7 |  704.4 |
       Dungeon |   4609 |   4322 |    287 |    386 |   3178 |   5 |  921.8 |
        Temple |     87 |     67 |     20 |      0 |     63 |   1 |   87.0 |
         Sewer |    233 |    233 |      0 |    126 |     33 |   1 |  233.0 |
               +--------+--------+--------+--------+--------+-----+--------+

Top non-repeatable levels by time:
     D:1: 1193 daAuts
     D:3: 1193 daAuts
     D:2: 955 daAuts
     D:4: 887 daAuts
     D:5: 379 daAuts
   Sewer: 233 daAuts
  Temple: 87 daAuts

Table legend:
 A = Kills in this place as a percentage of kills in entire the game.
 B = Kills by you in this place as a percentage of kills by you in the entire game.
 C = Kills by friends in this place as a percentage of kills by friends in the entire game.
 D = Other kills in this place as a percentage of other kills in the entire game.
 E = Experience gained in this place as a percentage of experience gained in the entire game.
 F = Experience gained in this place divided by the number of levels of this place that you have seen.
                   A       B       C       D       E      F
               +-------+-------+-------+-------+-------+----------------------
         Total | 100.0 | 100.0 |   N/A |   N/A | 100.0 | 123.3
       Dungeon |  93.3 |  93.3 |   N/A |   N/A |  92.7 | 160.0
         Sewer |   6.7 |   6.7 |   N/A |   N/A |   7.3 |  63.0
               +-------+-------+-------+-------+-------+----------------------
